 Dungeon Crawl Stone Soup version 0.29-a0-82-g837932c90e (webtiles) character file.

Game seed: 11692890144640107765

114 lordive the Sneak (level 4, -2/22 HPs)
             Began as a Spriggan Enchanter on Feb 5, 2022.
             Slain by Grinder (4 damage)
             ... on level 3 of the Dungeon.
             The game lasted 00:03:57 (2779 turns).

lordive the Sneak (Spriggan Enchanter)              Turns: 2779, Time: 00:03:58

Health: -2/22      AC:  2    Str:  4    XL:     4   Next: 67%
Magic:  7/9        EV: 17    Int: 18    God:
Gold:   194        SH:  0    Dex: 15    Spells: 1/9 levels left

rFire   . . .      SeeInvis +   a - +1 dagger
rCold   . . .      Faith    .   (no shield)
rNeg    . . .      Spirit   .   b - +0 robe
rPois   .          Reflect  .   (helmet restricted)
rElec   .          Harm     .   (no cloak)
rCorr   .          Rampage  .   (gloves unavailable)
Will    .....                   (boots unavailable)
Stlth   +++.......              (no amulet)
HPRegen 0.07/turn               (no ring)
MPRegen 0.11/turn               (no ring)

@: very quick
A: very small, no large weapons, unfitting armour, see invisible, speed 3
a: no special abilities


You were on level 3 of the Dungeon.
You visited 1 branch of the dungeon, and saw 3 of its levels.

You collected 194 gold pieces.

Inventory:

Hand Weapons
 a - a +1 dagger (weapon)
Missiles
 l - a throwing net
Armour
 b - a +0 robe (worn)
Jewellery
 h - an amulet of the acrobat
Scrolls
 e - a scroll of enchant armour {unknown}
 g - 2 scrolls of silence {unknown}
 i - a scroll of teleportation {unknown}
Potions
 c - a potion of invisibility
 d - a potion of lignification {unknown}
 f - 2 potions of haste {unknown}
 j - a potion of brilliance {unknown}
 k - a potion of curing {unknown}


   Skills:
 * Level 1.0 Fighting
 * Level 1.8 Short Blades
 * Level 1.0 Armour
 * Level 3.2 Dodging
 + Level 5.3 Stealth
 + Level 3.1 Spellcasting
 * Level 4.4 Hexes
 + Level 0.4 Ice Magic


You had one spell level left.
You knew the following spells:

 Your Spells              Type           Power      Damage    Failure   Level
a - Ensorcelled Hibernat  Hex/Ice        22%        N/A       9%          2
b - Confusing Touch       Hex            18%        N/A       8%          3
c - Tukima's Dance        Hex            18%        N/A       8%          3

Your spell library contained the following spells:

 Spells                   Type           Power      Damage    Failure   Level
 Animate Skeleton         Necr           4%         N/A       16%         1
 Apportation              Tloc           4%         N/A       16%         1
 Sandblast                Erth           4%         2d4       16%         1
 Summon Small Mammal      Summ           8%         N/A       16%         1
 Dazzling Flash           Conj/Hex       20%        N/A       19%         3
 Passwall                 Tmut/Erth      1%         N/A       24%         2
 Stone Arrow              Conj/Erth      4%         3d7       43%         3


Dungeon Overview and Level Annotations

Branches:
Dungeon (3/15)

Altars:

Annotations:
D:3 Grinder


Innate Abilities, Weirdness & Mutations

You are very small and have problems with some larger weapons.
You are too small for most types of armour.
You have supernaturally acute eyesight. (SInv)
You cover ground extremely quickly. (Speed+++)


Message History

Okay, then.
Casting: Confusing Touch (quite dangerous; 8% risk of failure)
Confirm with . or Enter, or press ? or * to list all spells.
The spell is quite dangerous to miscast (8% risk of failure)!
Continue anyway?
Your hands begin to glow red.
Grinder misses you.
Casting: Confusing Touch (quite dangerous; 8% risk of failure)
Confirm with . or Enter, or press ? or * to list all spells.
The spell is quite dangerous to miscast (8% risk of failure)!
Continue anyway?
Aiming: Tukima's Dance (quite dangerous; 8% risk of failure)
Press: ? - help, Shift-Dir - straight line, f - Grinder
Aim: Grinder (chance to confuse on hit: 50%, not susceptible)
Okay, then.
You barely miss Grinder. Grinder gestures at you.
You shrug off the repeated paralysis!
You barely miss Grinder.
Unknown command.
You hit Grinder but do no damage.
Grinder blinks!
You hit Grinder but do no damage. Grinder hits you.
You writhe in agony.
You are too injured to fight recklessly!
You barely miss Grinder. Grinder completely misses you.
You barely miss Grinder. Grinder hits you.
You writhe in agony.
You hit Grinder but do no damage.
Grinder appears confused.
Grinder closely misses you.
You hit Grinder but do no damage. You hit Grinder but do no damage.
Grinder closely misses you.
You hit Grinder.
Grinder is lightly wounded.
You hit Grinder but do no damage.
Grinder is lightly wounded.
Grinder completely misses you.
You hit Grinder but do no damage.
Grinder is lightly wounded.
You strike the helpless Grinder from behind!
You puncture Grinder!
Grinder is moderately wounded.
Grinder hits you.
* * * LOW HITPOINT WARNING * * *
You writhe in agony.
You die...

.... .... .....## ...##
......+ ....> #. ....#
.....# #.# ...# #......
...#########.###.......
#....................# .
#..................#
...#........@5........#
#.#..................#
#....................#
#.#..................#
..#..................#
.#
#.#..................#
...#..................(.
..
#.#.#............=....
#.# ...#................


You could see Grinder (confused).

Vanquished Creatures
  A hound (D:2)
  3 adders
  A worm (D:3)
  2 dart slugs (D:1)
  5 endoplasms
  2 giant cockroaches
  5 goblins
  5 hobgoblins
  A quokka (D:1)
  5 ball pythons (D:2)
  4 bats
  6 frilled lizards
  2 kobolds
  10 rats
52 creatures vanquished.

Notes
Turn   | Place    | Note
-------+----------+-------------------------------------------
     0 | D:1      | lordive the Spriggan Enchanter began the quest for the Orb.
     0 | D:1      | Reached XP level 1. HP: 9/9 MP: 5/5
   113 | D:1      | Reached XP level 2. HP: 13/13 MP: 6/6
   123 | D:1      | Learned a level 2 spell: Ensorcelled Hibernation
   744 | D:1      | Found a faded altar of an unknown god.
  1319 | D:2      | Reached XP level 3. HP: 15/17 MP: 5/8
  1334 | D:2      | Learned a level 3 spell: Confusing Touch
  1559 | D:2      | Reached skill level 5 in Stealth
  1559 | D:2      | Reached XP level 4. HP: 21/21 MP: 4/9
  1828 | D:2      | Learned a level 3 spell: Tukima's Dance
  2633 | D:3      | Reached skill level 1 in Armour
  2671 | D:3      | Reached skill level 1 in Fighting
  2752 | D:3      | Noticed Grinder
  2755 | D:3      | Paralysed by Grinder for 7 turns
  2779 | D:3      | Slain by Grinder

Illustrated notes

Levels and vault maps discovered:
D:1:      pf_arrival_petrified_forest, layout_basic,
          hellmonk_ecumenical_altar_zigzags, hex_large, hangedman_decor_points,
          wander_ebering_terrifying_dragon_lair
D:2:      layout_basic, minmay_tromino_i4
D:3:      layout_basic, grunt_decor_junction,
          nicolae_concentric_dashed_squares_wild, fountainhead, minmay_ruptured,
          uniq_grinder

Skill      XL: |  1  2  3  4 |
---------------+-------------+-----
Hexes          | 4 |  4.4
Dodging        | 3 |  3.2
Stealth        | 5 |  5.3
Spellcasting   | 3 |  3.1
Armour         | 1 |  1.0
Fighting       | 1 |  1.0
Short Blades   | |  1.8
Ice Magic      | |  0.4

Action                   |  1- 3 |  4- 6 || total
-------------------------+-------+-------++-------
Melee: Dagger            |    57 |    40 ||    97
 Cast: Ensorcelled Hiber |    22 |    15 ||    37
       Confusing Touch   |       |     1 ||     1
 Stab: Sleeping          |    26 |    13 ||    39
       Confused          |       |     1 ||     1
Armor: Robe              |     7 |     2 ||     9
Dodge: Dodged            |    47 |    33 ||    80

Table legend: (Time is in decaauts)
 A = Elapsed time spent in this place.
 B = Non-inter-level travel time spent in this place.
 C = Inter-level travel time spent in this place.
 D = Time resting spent in this place.
 E = Time spent auto-exploring this place.
 F = Levels seen in this place.
 G = Mean time per level.
                   A        B        C        D        E       F      G
               +--------+--------+--------+--------+--------+-----+--------+
         Total |   2049 |   2007 |     42 |      0 |   1655 |   3 |  683.0 |
       Dungeon |   2049 |   2007 |     42 |      0 |   1655 |   3 |  683.0 |
               +--------+--------+--------+--------+--------+-----+--------+

Top non-repeatable levels by time:
     D:1: 956 daAuts
     D:2: 941 daAuts
     D:3: 150 daAuts
